 Dungeon Crawl Stone Soup version 0.22.0-75-g3901e79 (webtiles) character file.

1009 maniek23 the Chopper (level 8, -1/71 HPs)
             Began as a Minotaur Fighter on Sept 15, 2018.
             Was an Elder of Uskayaw.
             Slain by a two-headed ogre
             ... wielding a +0 giant club
              (28 damage)
             ... on level 6 of the Dungeon.
             The game lasted 00:13:30 (3998 turns).

maniek23 the Chopper (Minotaur Fighter)             Turns: 3998, Time: 00:13:33

Health: -1/71      AC: 12    Str: 24    XL:     8   Next: 1%
Magic:  4/7        EV:  7    Int:  5    God:    Uskayaw [****..]
Gold:   260        SH: 10    Dex:  9    Spells: 7/7 levels left

rFire    . . .     SeeInvis .   a - +0 war axe
rCold    . . .     Gourm    .   c - +0 shield
rNeg     . . .     Faith    .   s - +0 chain mail
rPois    .         Spirit   .   (helmet restricted)
rElec    .         Reflect  .   F - +0 cloak
rCorr    .         Harm     .   H - +0 pair of gloves
MR       +....                  (no boots)
Stlth    ..........             G - amulet of rage
HPRegen  0.21/turn              h - ring of protection from magic
MPRegen  0.10/turn              (no ring)

@: no status effects
A: retaliatory headbutt, horns 2
a: Stomp, Line Pass, Renounce Religion, Evoke Berserk Rage


You were on level 6 of the Dungeon.
You worshipped Uskayaw.
Uskayaw was noncommittal.
You were hungry.

You visited 2 branches of the dungeon, and saw 7 of its levels.

You collected 260 gold pieces.

Inventory:

Hand Weapons
 a - a +0 war axe (weapon)
 g - a +0 spear
Missiles
 o - 2 throwing nets
 x - 5 poisoned javelins
 B - 7 javelins (quivered)
Armour
 b - a +0 scale mail
 c - a +0 shield (worn)
 s - a +0 chain mail (worn)
 F - a +0 cloak (worn)
 H - a +0 pair of gloves (worn)
Jewellery
 h - a ring of protection from magic (left hand)
 G - an amulet of rage (around neck)
Wands
 i - a wand of scattershot (6)
 m - a wand of clouds (7)
Scrolls
 j - 6 scrolls of identify {unknown}
 q - a scroll of amnesia {unknown}
 r - a scroll of immolation {unknown}
 t - a scroll of enchant weapon {unknown}
 u - 3 scrolls of teleportation {unknown}
 v - 3 scrolls of remove curse {unknown}
 y - a scroll of magic mapping {unknown}
 z - a scroll of fear {unknown}
 D - a scroll of enchant armour {unknown}
 E - a scroll of acquirement {unknown}
Potions
 d - a potion of might
 e - 6 potions of curing {unknown}
 k - a potion of mutation {unknown}
 l - 2 potions of ambrosia {unknown}
 n - 3 potions of agility {unknown}
 p - 2 potions of cancellation {unknown}
 w - a potion of lignification {unknown}
 A - 2 potions of flight {unknown}
 C - a potion of haste {unknown}
Comestibles
 f - 4 rations


   Skills:
 * Level 6.3 Fighting
 + Level 6.7 Axes
 + Level 0.2 Throwing
 + Level 5.6 Armour
 * Level 3.7 Dodging
 + Level 0.8 Stealth
 + Level 5.1 Shields


You had 7 spell levels left.
You didn't know any spells.
Your spell library was empty.

Dungeon Overview and Level Annotations

Branches:
Dungeon (6/15)             Temple (1/1) D:5

Altars:
Ashenzari
Cheibriados
Fedhas
Hepliaklqana
Kikubaaqudgha
Makhleb
Nemelex Xobeh
Okawaru
Qazlal
Ru
Sif Muna
Uskayaw
Vehumet
Xom
Zin
The Shining One


Innate Abilities, Weirdness & Mutations

You reflexively headbutt those who attack you in melee.
You have a pair of horns on your head.


Message History

You closely miss the jackal.
The two-headed ogre is no longer sharing its pain.
The jackal bites you but does no damage.
The two-headed ogre hits you but does no damage.
The two-headed ogre barely misses you.
You slash the two-headed ogre!
Your headbutt misses the two-headed ogre.
The two-headed ogre is severely wounded.
Your chain mail prevents you from hitting the jackal.
The jackal is no longer sharing its pain.
You block the jackal's attack.
The jackal bites you but does no damage.
You block the two-headed ogre's attack. x2
You slash the two-headed ogre!
You headbutt the two-headed ogre, but do no damage.
The two-headed ogre is almost dead.
You hit the jackal.
You kill the jackal!
The two-headed ogre hits you with a giant club!!
You die...

.. .. ..
.# .# .#
.. #.###
.##....
....#
#O..# #@#
#.)......
####"###.
#


You could see a two-headed ogre.

Vanquished Creatures
  2 ogres (D:5)
  A phantom (D:4)
  A centaur (D:6)
  A scorpion (D:5)
  A crimson imp (D:5)
  A centaur zombie (D:6)
  A bullfrog zombie (D:2)
  An orc priest (D:4)
  A hound (D:3)
  A quasit (D:4)
  A bullfrog skeleton (D:3)
  3 centaur skeletons
  A jelly (D:6)
  2 iguanas (D:4)
  3 orc wizards
  A hound zombie (D:5)
  A hound skeleton (D:5)
  A howler monkey skeleton (D:4)
  An adder (D:3)
  A shadow imp (D:6)
  An ooze (D:3)
  4 worms
  2 dart slugs
  2 leopard geckos
  8 orcs
  4 giant cockroaches
  12 goblins
  8 hobgoblins
  11 jackals
  7 kobolds
  2 quokkas (D:4)
  3 ball pythons
  6 bats
  5 frilled lizards
  A leopard gecko zombie (D:5)
  A quokka zombie (D:4)
  5 rats
108 creatures vanquished.

Notes
Turn   | Place    | Note
-------+----------+-------------------------------------------
     0 | D:1      | maniek23 the Minotaur Fighter began the quest for the Orb.
     0 | D:1      | Reached XP level 1. HP: 19/19 MP: 0/0
   218 | D:1      | Reached XP level 2. HP: 27/27 MP: 1/1
   750 | D:2      | Reached XP level 3. HP: 33/33 MP: 2/2
   893 | D:2      | Reached XP level 4. HP: 34/41 MP: 3/3
  1002 | D:2      | Found a radiant altar of Vehumet.
  1399 | D:3      | Found a faded altar of an unknown god.
  1426 | D:3      | Became a worshipper of Uskayaw the Reveler
  1426 | D:3      | Reached * piety under Uskayaw
  1493 | D:3      | Reached ** piety under Uskayaw
  1520 | D:3      | Reached XP level 5. HP: 47/47 MP: 4/4
  1529 | D:3      | Reached skill level 1 in Dodging
  1967 | D:3      | Reached skill level 5 in Fighting
  2124 | D:4      | Noticed a phantom
  2144 | D:4      | Killed a phantom
  2144 | D:4      | Reached XP level 6. HP: 51/56 MP: 5/5
  2420 | D:4      | Found a deep blue altar of Sif Muna.
  2429 | D:4      | Reached skill level 5 in Axes
  2629 | D:4      | Reached skill level 5 in Armour
  2683 | D:4      | Reached *** piety under Uskayaw
  2838 | D:4      | Found a glowing silver altar of Zin.
  2838 | D:4      | Found a shattered altar of Ashenzari.
  2857 | D:4      | Reached skill level 5 in Shields
  2857 | D:4      | Reached XP level 7. HP: 59/62 MP: 6/6
  2993 | D:5      | Entered Level 5 of the Dungeon
  3305 | D:5      | Found a staircase to the Ecumenical Temple.
  3344 | Temple   | Entered the Ecumenical Temple
  3986 | D:6      | Noticed a two-headed ogre
  3994 | D:6      | Reached XP level 8. HP: 60/71 MP: 7/7
  3994 | D:6      | Reached **** piety under Uskayaw
  3998 | D:6      | Slain by a two-headed ogre

Skill      XL: |  1  2  3  4  5  6  7 |
---------------+----------------------+-----
Shields        | 4 5 |  5.1
Fighting       | 4 5 6 |  6.3
Armour         | 4 5 |  5.6
Axes           | 3 4 5 6 |  6.7
Dodging        | 1 2 3 |  3.7
Throwing       | |  0.2
Stealth        | |  0.8

Action                   |  1- 3 |  4- 6 |  7- 9 || total
-------------------------+-------+-------+-------++-------
Melee: War axe           |    69 |   161 |    50 ||   280
       Headbutt          |     7 |    27 |     8 ||    42
Throw: Javelin           |       |       |     3 ||     3
Invok: Stomp             |       |     1 |     2 ||     3
 Stab: Paralysed         |       |     2 |     2 ||     4
  Eat: Chunk             |       |     7 |     3 ||    10
Armor: Scale mail        |    39 |    37 |       ||    76
       Chain mail        |       |    29 |    24 ||    53
Dodge: Dodged            |    24 |    39 |     8 ||    71
Block: Shield            |    35 |    69 |    26 ||   130
